 Dungeon Crawl Stone Soup version 0.29-a0-841-g116ddc6ace (webtiles) character file.

Game seed: 12761935255007908854

231 jimonade the Shield-Bearer (level 6, -1/49 HPs)
             Began as a Formicid Fighter on July 14, 2022.
             Splashed by a jelly's acid (3 damage)
             ... on level 4 of the Dungeon.
             The game lasted 00:07:07 (4412 turns).

jimonade the Shield-Bearer (Formicid Fighter)       Turns: 4412, Time: 00:07:08

Health: -1/49      AC:  1    Str: 21    XL:     6   Next: 24%
Magic:  8/8        EV:  7    Int:  9    God:
Gold:   185        SH:  5    Dex: 13    Spells: 8/8 levels left

rFire   . . .      SeeInvis +   a - +0 long sword
rCold   . . .      Faith    .   c - +0 buckler
rNeg    . . .      Spirit   .   D - +0 chain mail
rPois   .          Reflect  .   (helmet unavailable)
rElec   .          Harm     .   (no cloak)
rCorr   .          Rampage  .   (no gloves)
Will    .....                   (no boots)
Stlth   ..........              (no amulet)
HPRegen 0.16/turn               (no ring)
MPRegen 0.11/turn               (no ring)

@: corroded
A: permanent stasis, dig shafts and tunnels, antennae 3, four strong arms
a: Dig, Shaft Self


You were on level 4 of the Dungeon.
You visited 2 branches of the dungeon, and saw 5 of its levels.

You collected 185 gold pieces.

Inventory:

Hand Weapons
 a - a +0 long sword (weapon)
 m - a +0 short sword
Missiles
 l - 6 poisoned darts
 r - 35 stones
Armour
 b - a +0 scale mail
 c - a +0 buckler (worn)
 D - a +0 chain mail (worn)
Magical Staves
 z - a staff of air
Jewellery
 t - a ring of fire
 C - a ring of ice
Wands
 x - a wand of roots (13)
 y - a wand of flame (18)
Scrolls
 f - 2 scrolls of amnesia {unknown}
 g - a scroll of immolation {unknown}
 i - 3 scrolls of blinking {unknown}
 n - 7 scrolls of identify {unknown}
 s - a scroll of torment {unknown}
 u - a scroll of poison {unknown}
 w - 4 scrolls of teleportation {unknown}
 E - a scroll of acquirement {unknown}
Potions
 d - 3 potions of might
 e - 2 potions of flight {unknown}
 h - 3 potions of curing {unknown}
 j - a potion of resistance {unknown}
 k - 2 potions of attraction {unknown}
 o - 2 potions of berserk rage {unknown}
 p - a potion of haste {unknown}
 q - a potion of invisibility {unknown}
 v - 3 potions of heal wounds {unknown}
 A - a potion of degeneration {unknown}
 B - a potion of lignification {unknown}


   Skills:
 * Level 4.5 Fighting
 + Level 3.5 Long Blades
 + Level 4.4 Armour
 + Level 4.8 Shields
 * Level 1.9 Spellcasting


You had 8 spell levels left.
You didn't know any spells.
Your spell library was empty.

Dungeon Overview and Level Annotations

Branches:
Dungeon (4/15)             Temple (1/1) D:4

Altars:
Ashenzari
Cheibriados
Elyvilon
Fedhas
Hepliaklqana
Makhleb
Nemelex Xobeh
Qazlal
Ru
Sif Muna
Uskayaw
Vehumet
Wu Jian
Yredelemnul
Zin
The Shining One

Shops:
D:2 :


Innate Abilities, Weirdness & Mutations

You cannot be hasted, slowed, berserked, paralysed or teleported.
You can dig through walls and to a lower floor.
You have a pair of large antennae on your head. (SInv)
Your four strong arms can wield two-handed weapons with a shield.


Message History

You kill the endoplasm!
No target in view!
No target in view!
You now have 185 gold pieces (gained 9).
You sense a monster nearby.
You sense a monster nearby.
You open the door.
Found a stone staircase leading down.
There is an open door here.
There is a stone staircase leading down here.
You open the door.
Found a stone staircase leading up.
There is an open door here.
You sense a monster nearby.
A jelly comes into view.
The jelly quivers.
A jelly is nearby!
The jelly closely misses you.
You hit the jelly.
Your hands burn!
The jelly is lightly wounded.
The jelly hits you but does no damage.
You slash the jelly!
Your hands burn!
The jelly is heavily wounded.
You block the jelly's attack.
You hit the jelly. The acid corrodes you!
Your hands burn!
The jelly is heavily wounded.
The jelly barely misses you. The jelly hits you.
You are splashed with acid!
You hit the jelly.
Your hands burn!
The jelly is severely wounded.
The jelly hits you. The acid corrodes you!
You are splashed with acid!
You are too injured to fight recklessly!
You are too injured to fight recklessly!
You hit the jelly.
Your hands burn!
The jelly is severely wounded.
The jelly hits you.
* * * LOW HITPOINT WARNING * * *
You are splashed with acid!
* * * LOW HITPOINT WARNING * * *
You hit the jelly.
Your hands burn!
You die...

..##'#######+## ....#
..##......# ....#
####......# { ....#
#..##.#########+#....##
#..##.###..............
..<..#...#..............
####...#...#..............
...#..##...#....J.........
...#####........@.........
...#.......#..............
...........#....#+########
...#............#
...#.......#....#
...#.####.##....# .....
.........# .....
.........# ###.. ...#+###


You could see a jelly.

Vanquished Creatures
  3 iguanas
  An orc wizard (D:4)
  4 adders
  A worm (D:3)
  A dart slug (D:1)
  7 orcs
  9 ball pythons
  6 endoplasms
  4 giant cockroaches
  2 goblins (D:1)
  8 hobgoblins
  11 jackals
  6 kobolds
  4 quokkas
  4 bats
  3 frilled lizards
  2 rats
76 creatures vanquished.

Notes
Turn   | Place    | Note
-------+----------+-------------------------------------------
     0 | D:1      | jimonade the Formicid Fighter began the quest for the Orb.
     0 | D:1      | Reached XP level 1. HP: 18/18 MP: 1/1
   277 | D:1      | Reached XP level 2. HP: 24/24 MP: 2/2
   449 | D:1      | Reached XP level 3. HP: 30/30 MP: 3/3
   905 | D:1      | Found a faded altar of an unknown god.
  1440 | D:2      | Reached XP level 4. HP: 37/37 MP: 5/5
  1614 | D:2      | Reached skill level 1 in Spellcasting
  2055 | D:2      | Found Someteri's Book Boutique.
  2166 | D:3      | Reached XP level 5. HP: 14/42 MP: 5/7
  3048 | D:3      | Found a stormy altar of Qazlal.
  3336 | D:4      | Found a staircase to the Ecumenical Temple.
  3347 | Temple   | Entered the Ecumenical Temple
  3489 | D:4      | Reached XP level 6. HP: 31/49 MP: 8/8
  4409 | D:4      | HP: 2/49 [acid (11)]
  4412 | D:4      | Splashed by a jelly's acid

Illustrated notes

Levels and vault maps discovered:
D:1:      dpeg_arrival_stonehenge_8_columns, layout_loops_ring,
          shapermc_ecumenical_altar_totnotflames, minmay_split_cup_small
D:2:      layout_loops_cross, serial_shops, nicolae_shop_hallway_stairs,
          kennysheep_pointless_box, chequers_serial_rivers_room_b,
          minmay_quadrilaterals
D:3:      layout_loops_ring, grunt_qazlal_sundering, minivault_23
D:4:      layout_gridville, minmay_temple_entry_statues
Temple:   eino_wide_crystal_templ

Skill      XL: |  1  2  3  4  5 |
---------------+----------------+-----
Spellcasting   | 1 |  1.9
Fighting       | 4 |  4.5
Long Blades    | 3 |  3.5
Armour         | 4 |  4.4
Shields        | |  4.8

Action                   |  1- 3 |  4- 6 || total
-------------------------+-------+-------++-------
Melee: Long sword        |    96 |   233 ||   329
Armor: Scale mail        |    43 |   114 ||   157
       Chain mail        |       |     8 ||     8
Dodge: Dodged            |    51 |   113 ||   164
Block: Buckler           |    30 |    57 ||    87

Table legend: (Time is in decaauts)
 A = Elapsed time spent in this place.
 B = Non-inter-level travel time spent in this place.
 C = Inter-level travel time spent in this place.
 D = Time resting spent in this place.
 E = Time spent auto-exploring this place.
 F = Levels seen in this place.
 G = Mean time per level.
                   A        B        C        D        E       F      G
               +--------+--------+--------+--------+--------+-----+--------+
         Total |   4510 |   4424 |     86 |    927 |   2577 |   5 |  902.0 |
       Dungeon |   4458 |   4380 |     78 |    927 |   2547 |   4 | 1114.5 |
        Temple |     51 |     43 |      8 |      0 |     30 |   1 |   51.0 |
               +--------+--------+--------+--------+--------+-----+--------+

Top non-repeatable levels by time:
     D:2: 1254 daAuts
     D:1: 1092 daAuts
     D:3: 1062 daAuts
     D:4: 1049 daAuts
  Temple: 51 daAuts
